[Event "Titled Tuesday Blitz May 30 Late 2023"]
[White "Chylewski, Patryk"]
[Black "Sieciechowicz, Marcin"]
[WhiteFideId "1186191"]
[BlackFideId "1130170"]
[WhiteElo "2163"]
[BlackElo "2302"]
[Result "1-0"]
[Round "02"]
[TimeControl "180+2"]
[Date "2023.05.31"]
[WhiteClock "0:00:22"]
[BlackClock "0:00:09"]

1. d4 d5 2. c4 c6 3. cxd5 cxd5 4. Bf4 Nf6 5. e3 Nc6 6. Nc3 Bf5 7. Nf3 e6 8. Qb3 Bb4 9. Ne5 O-O 10. Nxc6 Bxc3+ 11. Qxc3 bxc6 12. Ba6 Qb6 13. Qa3 Ne4 14. O-O g5 15. Bg3 c5 16. dxc5 Qxc5 17. Qxc5 Nxc5 18. Be2 Rac8 19. Rac1 Nd3 20. Bxd3 Bxd3 21. Rfd1 Bc2 22. Re1 f6 23. Bd6 Rfe8 24. b4 Bd3 25. Rc5 Bc4 26. a4 a6 27. Rb1 Kf7 28. h3 e5 29. b5 axb5 30. axb5 Ke6 31. Bc7 Bd3 32. Rb3 Bc4 33. Rb2 Kd7 34. b6 Ra8 35. b7 Rab8 36. Bxb8 Rxb8 37. Rb6 1-0


[Site "https://www.chess.com"]

[Event "Titled Tuesday Blitz May 30 Late 2023"]
[White "Tanenbaum, Zachary"]
[Black "Bruedigam, Martin"]
[WhiteFideId "2060850"]
[BlackFideId "24608033"]
[WhiteElo "2175"]
[BlackElo "2331"]
[Result "0-1"]
[Round "02"]
[TimeControl "180+2"]
[Date "2023.05.31"]
[WhiteClock "0:00:05"]
[BlackClock "0:00:22"]

1. e4 c6 2. d4 d5 3. exd5 cxd5 4. Bd3 Nc6 5. c3 Nf6 6. Bf4 Bg4 7. Qb3 Qc8 8. Nd2 e6 9. Ngf3 Be7 10. O-O O-O 11. Qc2 Bh5 12. Ne5 a6 13. a4 Bg6 14. Nxg6 hxg6 15. Nf3 Nd7 16. h4 Bf6 17. Rfe1 Re8 18. Bg5 Qc7 19. Re3 Rac8 20. Qe2 Ne7 21. Bxf6 gxf6 22. Nh2 Kg7 23. h5 Rh8 24. Rg3 Rxh5 25. Qxh5 Qxg3 26. Qe2 Qf4 27. g3 Qh6 28. Ng4 Qh5 29. Kg2 f5 30. Ne3 Qxe2 31. Bxe2 a5 32. Rh1 Nf6 33. Bb5 Ne4 34. f3 Nd6 35. Bd3 Rh8 36. Rxh8 Kxh8 37. Kf2 Kg7 38. Ke2 g5 39. Nd1 Ng8 40. Nf2 Nf6 41. Bc2 Kh6 42. Nd3 g4 43. Ne5 gxf3+ 44. Kxf3 Kg7 45. Nd3 Kf8 46. Kf4 Ke7 47. Nc5 b6 48. Nb3 Nc4 49. Bd3 Nxb2 50. Bb5 Ne4 51. c4 dxc4 52. Nc1 Nd6 53. Bc6 Nd3+ 54. Nxd3 cxd3 55. Ke3 f6 56. Kxd3 e5 57. dxe5 fxe5 58. Bd5 Ne8 59. Bc4 Nf6 60. Bb5 Kd6 61. Kc4 Nd5 62. Kd3 f4 63. g4 Ke6 64. Ke4 Nf6+ 65. Kf3 Nh7 66. Bc4+ Kf6 67. Ke4 Ng5+ 68. Kd5 e4 69. Kd4 e3 70. Kd3 Nh3 71. Ke2 Kg5 72. Kf3 Nf2 73. Be6 Nd3 74. Ke2 Ne5 75. Ke1 Nxg4 76. Bc4 Ne5 77. Bb5 Kf5 78. Ba6 Ke4 79. Bb7+ Kd4 80. Ba6 Ke4 81. Bb7+ Kf5 82. Bc8+ Kg5 83. Ke2 Kh4 84. Be6 Kg3 85. Bc8 Ng4 86. Bd7 f3+ 87. Ke1 Kf4 88. Kf1 Ne5 89. Bc8 Nd3 90. Ba6 e2+ 91. Kg1 e1=Q+ 92. Kh2 Qg3+ 93. Kh1 Qg2# 0-1


[Site "https://www.chess.com"]

[Event "Titled Tuesday Blitz May 30 Late 2023"]
[White "Becerra, Juan David"]
[Black "Jaracz, Pawel"]
[WhiteFideId "4404998"]
[BlackFideId "1102222"]
[WhiteElo "2304"]
[BlackElo "2438"]
[Result "0-1"]
[Round "02"]
[TimeControl "180+2"]
[Date "2023.05.31"]
[WhiteClock "0:00:20"]
[BlackClock "0:00:55"]

1. e4 e6 2. d4 d5 3. Nd2 c5 4. exd5 exd5 5. Ngf3 Nc6 6. Be2 Nf6 7. O-O c4 8. c3 Bd6 9. Re1 O-O 10. Nf1 h6 11. Ng3 Be6 12. b3 b5 13. a4 b4 14. bxc4 dxc4 15. cxb4 Bxb4 16. Rf1 Qa5 17. Be3 Rfd8 18. Qc1 Rac8 19. Rd1 Bf8 20. Bd2 Nb4 21. Ne5 c3 22. Bxc3 Nfd5 23. Bxb4 Bxb4 24. Nc4 Qa6 25. Ne4 Nc3 26. Nxc3 Bxc4 0-1


[Site "https://www.chess.com"]

[Event "Titled Tuesday Blitz May 30 Late 2023"]
[White "Rottenwohrer Suarez, Juan"]
[Black "Kozionov, Kirill"]
[WhiteFideId "32068182"]
[BlackFideId "24101729"]
[WhiteElo "2174"]
[BlackElo "2377"]
[Result "0-1"]
[Round "02"]
[TimeControl "180+2"]
[Date "2023.05.31"]
[WhiteClock "0:00:02"]
[BlackClock "0:00:28"]

1. d4 Nf6 2. c4 g6 3. Nc3 Bg7 4. e4 d6 5. Be2 O-O 6. Be3 Na6 7. h4 h5 8. f3 c5 9. d5 e6 10. Nh3 exd5 11. cxd5 Bxh3 12. Rxh3 Nc7 13. a4 a6 14. a5 Re8 15. Qd2 Rb8 16. Bh6 Bh8 17. Bg5 b5 18. axb6 Rxb6 19. Rh1 Qb8 20. Ra2 Nd7 21. g4 Rb3 22. Kf2 Bd4+ 23. Kg2 Nf6 24. Bxf6 Bxf6 25. gxh5 gxh5 26. Qh6 Bg7 27. Qxd6 Rxb2 28. Rxb2 Qxb2 29. Qxc7 Bxc3 30. Kf1 Qc1+ 31. Kg2 Qd2 32. Kf1 Qe1+ 0-1


[Site "https://www.chess.com"]

[Event "Titled Tuesday Blitz May 30 Late 2023"]
[White "Matinian, Nikita"]
[Black "Vovk, Orest"]
[WhiteFideId "24129100"]
[BlackFideId "14113490"]
[WhiteElo "2422"]
[BlackElo "2215"]
[Result "1-0"]
[Round "02"]
[TimeControl "180+2"]
[Date "2023.05.31"]
[WhiteClock "0:00:09"]
[BlackClock "0:00:02"]

1. e4 g5 2. d4 g4 3. Nc3 Bg7 4. Be3 h5 5. h3 d6 6. hxg4 hxg4 7. Rxh8 Bxh8 8. Be2 Nf6 9. e5 dxe5 10. dxe5 Qxd1+ 11. Rxd1 Ng8 12. f4 gxf3 13. Nxf3 c6 14. Kf2 Bg4 15. Rh1 Bg7 16. Rh7 Kf8 17. Ng5 Bf5 18. e6 fxe6 19. Rh4 e5 20. Bg4 Bxg4 21. Rxg4 Nf6 22. Rb4 b5 23. Ne6+ Kf7 24. Nc7 a5 25. Rh4 Ra6 26. Nxa6 Nxa6 27. a4 Nb4 28. axb5 cxb5 29. Nxb5 Nxc2 30. Bb6 e4 31. Bxa5 e3+ 32. Ke2 Nd5 33. Bc3 Bf6 34. Rg4 Na1 35. Bxf6 exf6 36. Nc3 1-0


[Site "https://www.chess.com"]

[Event "Titled Tuesday Blitz May 30 Late 2023"]
[White "Ponce Cano, Adrian"]
[Black "Kushko, Dmitriy"]
[WhiteFideId "22296913"]
[BlackFideId "14162261"]
[WhiteElo "2211"]
[BlackElo "2230"]
[Result "0-1"]
[Round "02"]
[TimeControl "180+2"]
[Date "2023.05.31"]
[WhiteClock "0:00:46"]
[BlackClock "0:00:58"]

1. e4 g6 2. Nf3 Bg7 3. d4 d6 4. c4 Bg4 5. Be2 e5 6. dxe5 dxe5 7. Qc2 Nc6 8. Nc3 Bxf3 9. Bxf3 Bh6 10. Bxh6 Nxh6 11. Rd1 Nd4 12. Qa4+ c6 13. Be2 O-O 14. O-O Qb6 15. Qa3 a5 16. Bd3 Qb4 17. Nb1 Rfd8 18. f3 Kg7 19. Qc3 f6 20. Qc1 Ne6 21. Kh1 Nf4 22. Qc2 Nf7 23. a3 Qc5 24. g3 Ne6 25. Nc3 Rd7 26. Na4 Qe3 27. Be2 Rxd1 28. Bxd1 Rd8 29. Qc3 Rd3 30. Qxa5 Rxd1 0-1


[Site "https://www.chess.com"]

[Event "Titled Tuesday Blitz May 30 Late 2023"]
[White "Rastbod, Ali"]
[Black "Kaplan, Avi Harrison"]
[WhiteFideId "12567477"]
[BlackFideId "30934559"]
[WhiteElo "2274"]
[BlackElo "1983"]
[Result "1-0"]
[Round "02"]
[TimeControl "180+2"]
[Date "2023.05.31"]
[WhiteClock "0:01:29"]
[BlackClock "0:00:41"]

1. d4 d6 2. e4 Nf6 3. Nc3 Nbd7 4. Nf3 e5 5. Bc4 Be7 6. O-O O-O 7. Re1 c6 8. a4 h6 9. a5 Re8 10. d5 c5 11. a6 bxa6 12. Bxa6 Bxa6 13. Rxa6 c4 14. h3 Nc5 15. Ra2 Qb6 16. Be3 Rec8 17. Na4 Qb5 18. Bxc5 Rxc5 19. Nxc5 Qxc5 20. c3 Bd8 21. Qe2 Bb6 22. Nd2 Rc8 23. Ra4 Qb5 24. Rb4 Qa5 25. Nxc4 Qc5 26. Nxb6 axb6 27. Qb5 Qc7 28. Qxb6 Qd7 29. Qb7 Rc7 30. Qa8+ Kh7 31. Qa4 Qc8 32. Qd1 Qa6 33. Qe2 Qa2 34. Rb6 Rc4 35. Qd3 Rc8 36. Kh2 Ne8 37. Qf3 Qa7 38. Qf5+ g6 39. Qxc8 Qxb6 40. Qxe8 Kg7 41. Kg1 h5 42. Qc6 Qxb2 43. Qxd6 Qxc3 44. Rf1 h4 45. Qe7 g5 46. Qxg5+ Kh7 47. Qxh4+ Kg7 48. Qg3+ Kh7 49. Qxc3 Kg7 50. Qf3 Kg8 51. Qf6 Kf8 52. d6 Kg8 53. d7 Kh7 54. h4 Kg8 55. d8=Q+ Kh7 56. Qdh8# 1-0


[Site "https://www.chess.com"]

[Event "Titled Tuesday Blitz May 30 Late 2023"]
[White "Gil Alba, Hector Luis"]
[Black "Prohaszka, Peter"]
[WhiteFideId "3504670"]
[BlackFideId "726265"]
[WhiteElo "2331"]
[BlackElo "2626"]
[Result "0-1"]
[Round "02"]
[TimeControl "180+2"]
[Date "2023.05.31"]
[WhiteClock "0:00:24"]
[BlackClock "0:00:05"]

1. e4 c6 2. d4 d5 3. Nd2 dxe4 4. Nxe4 Bf5 5. Ng3 Bg6 6. h4 h6 7. Nh3 e6 8. Nf4 Bh7 9. Bc4 Nf6 10. Qe2 Bd6 11. c3 O-O 12. Ngh5 Nbd7 13. Nxf6+ Qxf6 14. Nh5 Qg6 15. Bf4 e5 16. dxe5 Nxe5 17. Bxe5 Bxe5 18. O-O Rae8 19. Qf3 Qf5 20. Qxf5 Bxf5 21. Ng3 Bg4 22. Rfe1 Bf6 23. Ne4 Be7 24. g3 g6 25. Re3 Kg7 26. Rae1 Rd8 27. f3 Bc8 28. R3e2 b5 29. Bb3 f5 30. Nf2 Bc5 31. Kg2 Bd7 32. Nh3 Bd6 33. Nf4 Bxf4 34. gxf4 Rfe8 35. Re7+ Rxe7 36. Rxe7+ Kf8 37. Rf7+ Ke8 38. Rg7 Bc8 39. Rg8+ Ke7 40. Rxd8 Kxd8 41. Kg3 Ke7 42. Kf2 a5 43. a4 Be6 44. Bc2 Kd6 45. Ke3 Kc5 46. axb5 cxb5 47. b3 b4 48. Kd2 Bd7 49. Bd3 Bc6 50. Be2 Bd5 51. c4 Bc6 52. Kc2 a4 53. bxa4 Bxa4+ 54. Kd2 Bb3 55. Bd3 Bxc4 56. Bb1 Bd5 57. h5 gxh5 58. Bxf5 Bxf3 59. Bh3 Bg4 60. Bg2 Kd4 0-1


[Site "https://www.chess.com"]

[Event "Titled Tuesday Blitz May 30 Late 2023"]
[White "Jimenez Almeida, Luis David"]
[Black "Martinez Ramirez, Lennis"]
[WhiteFideId "22242244"]
[BlackFideId "3509079"]
[WhiteElo "2245"]
[BlackElo "2410"]
[Result "0-1"]
[Round "02"]
[TimeControl "180+2"]
[Date "2023.05.31"]
[WhiteClock "0:00:45"]
[BlackClock "0:01:07"]

1. e4 c5 2. Nc3 Nc6 3. g3 g6 4. Bg2 Bg7 5. Nge2 d6 6. h3 Rb8 7. a4 a6 8. O-O e5 9. d3 Nge7 10. Be3 O-O 11. Qd2 Nd4 12. Nc1 Bxh3 13. Bh6 Qd7 14. Bxg7 Kxg7 15. f4 Bxg2 16. Kxg2 exf4 17. Rxf4 d5 18. Nd1 dxe4 19. dxe4 Rbd8 20. Ne3 Ne6 21. Qc3+ Qd4 22. Rh4 Qxc3 23. bxc3 Rd2+ 24. Kg1 Rfd8 25. Nd3 Re2 26. Ng4 Ng5 27. Rf1 Rxc2 28. Nde5 Rdd2 29. Kh1 h5 30. Nf6 Rxc3 31. Rhf4 Rcc2 32. Rh4 Nc6 33. Ned7 Nf3 34. Ne8+ Kh6 0-1


[Site "https://www.chess.com"]

[Event "Titled Tuesday Blitz May 30 Late 2023"]
[White "Danielyan, Vahe"]
[Black "Goncalves, Davi Sulzbacher"]
[WhiteFideId "13304828"]
[BlackFideId "2154510"]
[WhiteElo "2423"]
[BlackElo "2182"]
[Result "1-0"]
[Round "02"]
[TimeControl "180+2"]
[Date "2023.05.31"]
[WhiteClock "0:00:25"]
[BlackClock "0:00:01"]

1. e4 c5 2. Nc3 Nc6 3. Bb5 g6 4. Bxc6 bxc6 5. d3 Bg7 6. Nge2 Nf6 7. O-O O-O 8. Bg5 d6 9. Qd2 Rb8 10. b3 Re8 11. Bh6 Bh8 12. Rae1 Nd7 13. f4 f5 14. Kh1 e6 15. Na4 Nf6 16. Ng3 Bd7 17. e5 Ng4 18. Bg5 Qc7 19. exd6 Qxd6 20. h3 Nf6 21. Qe3 Nd5 22. Qxc5 Qxc5 23. Nxc5 Bc8 24. c4 Nb4 25. Re2 Bd4 26. Na4 c5 27. Rd1 Bd7 28. Kh2 Kg7 29. Nf1 h6 30. Bh4 e5 31. fxe5 Bxe5+ 32. Rxe5 Rxe5 33. Bg3 Rbe8 34. Bxe5+ Rxe5 35. d4 cxd4 36. Rxd4 Bxa4 37. bxa4 Re2 38. Rd7+ Kf6 39. Rxa7 Nd3 40. Ra6+ Kf7 41. Ra7+ Kf6 42. Kg3 f4+ 43. Kf3 Rf2+ 44. Ke4 Nc5+ 45. Kd5 Ne6 46. Ra6 Re2 47. Rd6 g5 48. Nh2 Re5+ 49. Kc6 Rc5+ 50. Kb6 1-0


[Site "https://www.chess.com"]

[Event "Titled Tuesday Blitz May 30 Late 2023"]
[White "Deviprasath, Sharvesh"]
[Black "Domingo Nunez, Ruben"]
[WhiteFideId "30938228"]
[BlackFideId "22245570"]
[WhiteElo "2168"]
[BlackElo "2404"]
[Result "1-0"]
[Round "02"]
[TimeControl "180+2"]
[Date "2023.05.31"]
[WhiteClock "0:01:28"]
[BlackClock "0:00:03"]

1. Nf3 g6 2. g3 Bg7 3. Bg2 Nf6 4. O-O d6 5. d3 O-O 6. d4 Nbd7 7. d5 Nb6 8. Nc3 c6 9. dxc6 bxc6 10. Nd4 c5 11. Nc6 Qd7 12. e4 Qxc6 13. e5 Qd7 14. exf6 Bxf6 15. Bxa8 Nxa8 16. Bh6 Re8 17. Re1 Bb7 18. Nd5 Be5 19. c4 Qh3 20. Bf4 Bd4 21. Rxe7 Rxe7 22. Nxe7+ Kf8 23. Nd5 Nb6 24. Qf3 Nxc4 25. Re1 Be5 26. b3 Nb6 27. Bxe5 dxe5 28. Rxe5 Nxd5 29. Rxd5 Bxd5 30. Qxd5 Qc8 31. h4 h5 32. Qc4 Qf5 33. Qc3 Kg8 34. Kg2 Qe4+ 35. Qf3 Qe7 36. Qd5 Kg7 37. a4 Kh7 38. a5 Qc7 39. a6 Qe7 40. Qb7 Qe5 41. Qxf7+ Kh6 42. Qf4+ 1-0


[Site "https://www.chess.com"]

[Event "Titled Tuesday Blitz May 30 Late 2023"]
[White "Timmermans, Mark"]
[Black "Pasti, Aron"]
[WhiteFideId "1026399"]
[BlackFideId "785857"]
[WhiteElo "2460"]
[BlackElo "2173"]
[Result "1-0"]
[Round "02"]
[TimeControl "180+2"]
[Date "2023.05.31"]
[WhiteClock "0:00:53"]
[BlackClock "0:00:57"]

1. e4 c5 2. Ne2 e6 3. g3 d5 4. Bg2 dxe4 5. Bxe4 Nf6 6. Bg2 h5 7. h3 e5 8. Nbc3 Nc6 9. d3 Be7 10. Bg5 Nd4 11. Qd2 Bd7 12. O-O-O Bc6 13. Bxc6+ Nxc6 14. Rde1 Qd7 15. f4 O-O-O 16. fxe5 Nxe5 17. Qe3 Nc6 18. Bxf6 Bxf6 19. Qxc5 Kb8 20. Kb1 Rhe8 21. Nf4 h4 22. g4 Bd4 23. Qc4 Ne5 24. Qb5 Qc8 25. Nfd5 Nf3 26. Rxe8 Rxe8 27. a3 Bg1 28. Qb4 Re1+ 29. Ka2 Bc5 30. Qf4+ Ka8 31. Qxf3 1-0


[Site "https://www.chess.com"]

[Event "Titled Tuesday Blitz May 30 Late 2023"]
[White "Sun, Rick"]
[Black "Harriott, Tyrell"]
[WhiteFideId "30909481"]
[BlackFideId "2086484"]
[WhiteElo "2169"]
[BlackElo "2107"]
[Result "1-0"]
[Round "02"]
[TimeControl "180+2"]
[Date "2023.05.31"]
[WhiteClock "0:00:24"]
[BlackClock "0:01:16"]

1. d4 e6 2. e4 d5 3. exd5 exd5 4. Nf3 f5 5. Ne5 Nf6 6. Bd3 Nc6 7. c3 Bd6 8. f4 O-O 9. O-O Ne4 10. Nd2 Qh4 11. Ndf3 Qh6 12. c4 Ne7 13. c5 Nxc5 14. dxc5 Bxc5+ 15. Kh1 c6 16. Qe2 Ng6 17. Nxg6 hxg6 18. Be3 Bd6 19. Ng5 Bd7 20. Qf2 b6 21. Rae1 Rfe8 22. Bd4 c5 23. Bc3 Bc6 24. Rxe8+ Rxe8 25. Re1 Re4 26. Bxe4 fxe4 27. Bd2 Qh5 28. Qe2 Qh4 29. g3 Qh5 30. Qxh5 gxh5 31. Kg2 Be7 32. Kh3 Bf6 33. Kh4 g6 34. f5 Bxb2 35. fxg6 Bf6 36. Kxh5 Bxg5 37. Bxg5 d4 38. Bh6 Bb5 39. Rxe4 d3 40. Rf4 1-0


[Site "https://www.chess.com"]

[Event "Titled Tuesday Blitz May 30 Late 2023"]
[White "Kouskoutis, Georgios-Alexandros"]
[Black "Rosen, Eric"]
[WhiteFideId "4234049"]
[BlackFideId "2032562"]
[WhiteElo "2149"]
[BlackElo "2331"]
[Result "0-1"]
[Round "02"]
[TimeControl "180+2"]
[Date "2023.05.31"]
[WhiteClock "0:00:01"]
[BlackClock "0:00:10"]

1. Nf3 d5 2. g3 Nf6 3. Bg2 e6 4. O-O Be7 5. c4 d4 6. e3 c5 7. exd4 cxd4 8. d3 Nc6 9. Na3 Nd7 10. Nd2 O-O 11. Nc2 e5 12. Re1 Nc5 13. Ne4 Ne6 14. g4 a5 15. Rb1 Ra6 16. a3 a4 17. Bd2 g6 18. Nb4 Ra7 19. Nd5 Bh4 20. Bh6 Ng7 21. g5 Kh8 22. Qf3 Ne7 23. Nxe7 Qxe7 24. Bh3 Be6 25. Bxe6 Qxe6 26. Qf6 Rg8 27. Bxg7+ Rxg7 28. Qxe6 fxe6 29. Kg2 h6 30. gxh6 Rh7 31. Ng3 Bf6 32. Ne4 Bd8 33. b3 Rxh6 34. bxa4 Rh7 35. Rb4 Ba5 0-1


[Site "https://www.chess.com"]

[Event "Titled Tuesday Blitz May 30 Late 2023"]
[White "Melikyan, Gnel"]
[Black "KorolDimitriy75"]
[WhiteFideId "54109990"]
[WhiteElo "2138"]
[BlackElo "2433"]
[Result "1-0"]
[Round "02"]
[TimeControl "180+2"]
[Date "2023.05.31"]
[WhiteClock "0:00:13"]
[BlackClock "0:00:05"]

1. e4 c5 2. Nf3 d6 3. d4 cxd4 4. Nxd4 Nf6 5. Nc3 g6 6. Be3 Bg7 7. f3 O-O 8. Qd2 Nc6 9. g4 Be6 10. Nxe6 fxe6 11. O-O-O Ne5 12. Be2 Qc8 13. h4 Nc4 14. Bxc4 Qxc4 15. h5 Nd7 16. hxg6 hxg6 17. f4 Nc5 18. e5 dxe5 19. f5 exf5 20. b3 Qxg4 21. Bxc5 Rfd8 22. Qe2 Qxe2 23. Nxe2 Bf6 24. Rdg1 Kg7 25. Ng3 Kf7 26. Rh7+ Ke6 27. Ne2 b6 28. Bb4 g5 29. Ng3 Rh8 30. Rgh1 Rxh7 31. Rxh7 g4 32. Kd1 Rh8 33. Rxh8 Bxh8 34. Ke2 e4 35. Nh5 Be5 36. Ke3 Kd5 37. c4+ Kc6 38. Bxe7 a6 39. Bf6 Bd6 40. Bd4 g3 41. Ng7 g2 42. Ke2 Bc5 43. Nxf5 Bxd4 44. Nxd4+ Kc5 45. Ne6+ Kd6 46. Kf2 Kxe6 47. Kxg2 Ke5 48. Kf2 Kd4 49. Ke2 a5 50. Kd2 e3+ 51. Ke2 a4 52. bxa4 Kxc4 53. a5 Kb4 54. axb6 Ka3 55. b7 Kxa2 56. b8=Q 1-0


[Site "https://www.chess.com"]

[Event "Titled Tuesday Blitz May 30 Late 2023"]
[White "Gutkin, Ilya"]
[Black "Kourkoulos-Arditis, Stamatis"]
[WhiteFideId "16203470"]
[BlackFideId "4221990"]
[WhiteElo "2265"]
[BlackElo "2400"]
[Result "1/2-1/2"]
[Round "02"]
[TimeControl "180+2"]
[Date "2023.05.31"]
[WhiteClock "0:00:05"]
[BlackClock "0:00:09"]

1. Nf3 d6 2. d4 Nf6 3. b3 Nbd7 4. Bb2 c6 5. g3 Qc7 6. Bg2 e5 7. O-O Be7 8. Re1 e4 9. Nfd2 d5 10. c4 O-O 11. Nc3 Re8 12. Nf1 Nf8 13. Ne3 Be6 14. Rc1 Qd7 15. cxd5 cxd5 16. Na4 b6 17. Rc2 Rac8 18. Qb1 Rxc2 19. Nxc2 h5 20. Rc1 h4 21. Ne3 hxg3 22. hxg3 Bh3 23. Rc2 Ng6 24. Qc1 Bd6 25. Ba3 Bxa3 26. Qxa3 Bxg2 27. Kxg2 Ng4 28. Qc1 Ne7 29. Nc3 Nxe3+ 30. Qxe3 Nf5 31. Qg5 e3 32. f3 Nxd4 33. Rc1 f6 34. Qxd5+ Qxd5 35. Nxd5 Nxe2 36. Re1 Nd4 37. Rxe3 Rxe3 38. Nxe3 Ne2 39. Nd5 Nc1 40. Nc3 Kf7 41. Kf2 Nd3+ 42. Ke3 Ne5 43. f4 Nc6 44. Ke4 Ke6 45. f5+ Kd6 46. Nb5+ Kc5 47. Nc7 Kb4 48. Ne8 Ka3 49. Nxg7 Kxa2 50. Ne8 Kxb3 51. Nxf6 a5 52. Nd5 a4 53. f6 Nd8 54. Nf4 a3 55. Nd3 a2 56. Nc1+ Kb2 57. Nxa2 Kxa2 58. g4 b5 59. g5 b4 60. g6 b3 61. g7 b2 62. g8=Q+ Ka1 63. Qxd8 b1=Q+ 64. Ke5 Qe1+ 65. Kf5 Qf2+ 66. Ke6 Qe2+ 67. Kf7 Qc4+ 68. Kf8 Qb4+ 69. Kg8 Qg4+ 70. Kf8 Qb4+ 71. Qe7 Qb8+ 72. Kf7 Qb3+ 73. Kg6 Qg3+ 74. Kf5 Qf3+ 75. Ke6 Qb3+ 76. Ke5 Qe3+ 77. Kf5 Qf3+ 78. Ke5 Qe3+ 79. Kd5 Qb3+ 80. Kd4 Qb2+ 81. Ke4 Qe2+ 82. Kf4 Qf2+ 83. Ke4 Qe2+ 84. Kd4 Qd2+ 85. Kc4 Qc2+ 86. Kb4 Qb2+ 87. Ka4 Qd4+ 88. Ka5 Qc3+ 89. Ka6 Qc4+ 90. Ka7 Qd4+ 91. Kb8 Qf4+ 92. Kc8 Qf5+ 93. Kc7 Qf4+ 94. Kc6 Qc4+ 95. Kd6 Qd4+ 96. Ke6 Qc4+ 97. Kf5 Qd3+ 98. Kg5 Qg3+ 99. Kh6 Qh3+ 100. Kg7 Qg3+ 101. Kf8 Qb8+ 102. Kf7 Qb3+ 103. Qe6 Qb7+ 104. Kg6 Qg2+ 105. Kh7 Qh2+ 106. Kg8 Qg2+ 107. Kf8 Qa8+ 108. Qe8 Qa3+ 109. Kg8 Qb3+ 110. f7 Qg3+ 111. Kf8 Qd6+ 112. Qe7 Qh6+ 113. Ke8 Qc6+ 114. Qd7 Qe4+ 115. Kd8 Qh4+ 116. Kc7 Qc4+ 117. Kd6 Qd4+ 118. Kc6 Qa4+ 119. Kc7 Qf4+ 120. Kc8 Qc4+ 121. Qc7 Qg4+ 122. Kb8 Qb4+ 123. Qb7 Qf8+ 124. Ka7 Qc5+ 125. Qb6 Qe7+ 126. Qb7 Qc5+ 127. Ka6 Qa3+ 128. Kb6 Qb3+ 129. Kc7 Qxf7+ 130. Kb8 Qxb7+ 131. Kxb7 1/2-1/2


[Site "https://www.chess.com"]

[Event "Titled Tuesday Blitz May 30 Late 2023"]
[White "Annaberdiyev, Meylis"]
[Black "Gatterer, Florian"]
[WhiteFideId "14000563"]
[BlackFideId "811688"]
[WhiteElo "2416"]
[BlackElo "2221"]
[Result "1-0"]
[Round "02"]
[TimeControl "180+2"]
[Date "2023.05.31"]
[WhiteClock "0:00:26"]
[BlackClock "0:00:12"]

1. e4 c5 2. Nf3 e6 3. b3 b6 4. Bb2 Bb7 5. Bd3 Nf6 6. e5 Nd5 7. Nc3 Nxc3 8. Bxc3 Be7 9. Qe2 O-O 10. h4 f5 11. exf6 Bxf6 12. Ng5 h6 13. Qh5 Bxc3 14. dxc3 Qf6 15. O-O-O Nc6 16. Kb2 Ne5 17. Bh7+ Kh8 18. Rhe1 Bc6 19. Rxe5 Qxe5 20. Nf7+ Rxf7 21. Qxe5 Kxh7 22. f3 Raf8 23. Qe3 Kg8 24. a4 Rf4 25. h5 R4f5 26. Rh1 a5 27. Rh4 Rd5 28. c4 Rdf5 29. Qc3 R8f6 30. Rg4 Kf7 31. Rh4 d6 32. Qd2 d5 33. cxd5 exd5 34. Rh1 c4 35. Qd4 cxb3 36. cxb3 Bd7 37. Rc1 Rd6 38. Rc7 Ke8 39. Rb7 Rff6 40. g4 Rc6 41. Qe5+ Kd8 42. Rb8+ Rc8 43. Rxc8+ Kxc8 44. f4 Re6 45. Qxg7 Re2+ 46. Ka3 Re4 47. g5 Rxf4 48. gxh6 d4 49. h7 d3 50. h8=Q+ Kc7 51. Qe5+ 1-0


[Site "https://www.chess.com"]

[Event "Titled Tuesday Blitz May 30 Late 2023"]
[White "Sadilek, Peter"]
[Black "Goryachkina, Aleksandra"]
[WhiteFideId "1616439"]
[BlackFideId "4147103"]
[WhiteElo "2227"]
[BlackElo "2471"]
[Result "0-1"]
[Round "02"]
[TimeControl "180+2"]
[Date "2023.05.31"]
[WhiteClock "0:00:09"]
[BlackClock "0:00:05"]

1. d4 Nf6 2. c4 e6 3. g3 d5 4. Bg2 Bb4+ 5. Bd2 a5 6. Nf3 O-O 7. O-O dxc4 8. e3 c6 9. a4 Bxd2 10. Nfxd2 b6 11. Nxc4 Ba6 12. Qb3 Ra7 13. Rc1 Nd5 14. Nc3 Nd7 15. Ne4 Qb8 16. h4 h6 17. Rd1 Rc7 18. Rac1 c5 19. dxc5 Nxc5 20. Nxc5 Rxc5 21. Bxd5 exd5 22. Nxb6 Rxc1 23. Rxc1 Bc4 24. Rxc4 dxc4 25. Qb5 Rd8 26. Nxc4 Rd1+ 27. Kh2 Qa8 28. g4 Qh1+ 29. Kg3 Rg1+ 30. Kf4 Qh2+ 31. Kf5 g6+ 32. Ke4 Rxg4+ 33. Kd3 Qxf2 34. Qe8+ Kg7 35. Qe5+ Qf6 36. Qxf6+ Kxf6 37. Nxa5 Rxa4 38. Nc4 g5 39. hxg5+ Kxg5 40. b3 Rb4 41. Nd6 f5 42. Nf7+ Kg6 43. Ne5+ Kf6 44. Kc3 Re4 45. Nc4 h5 46. b4 h4 47. b5 h3 48. b6 h2 49. b7 Re8 50. Nd6 Rb8 51. Ne8+ Rxe8 52. Kd4 h1=Q 53. e4 Qd1+ 54. Kc5 Qc2+ 55. Kb6 0-1


[Site "https://www.chess.com"]

[Event "Titled Tuesday Blitz May 30 Late 2023"]
[White "Arabidze, Meri"]
[Black "Arnold, Ken"]
[WhiteFideId "13604040"]
[BlackFideId "2056836"]
[WhiteElo "2405"]
[BlackElo "2394"]
[Result "1-0"]
[Round "02"]
[TimeControl "180+2"]
[Date "2023.05.31"]
[WhiteClock "0:00:06"]
[BlackClock "0:00:14"]

1. Nf3 c6 2. b3 d5 3. Bb2 Nf6 4. c4 Bf5 5. g3 Nbd7 6. Bg2 e6 7. O-O h6 8. d4 Bd6 9. Nc3 O-O 10. e3 Re8 11. Rc1 Ne4 12. Nxe4 Bxe4 13. Qe2 Qf6 14. Rfd1 a6 15. Ne1 Bxg2 16. Kxg2 Rac8 17. c5 Bc7 18. f4 Qf5 19. Qd3 Nf6 20. b4 Re7 21. a4 h5 22. Nf3 Qxd3 23. Rxd3 Ne4 24. Rb3 Ra8 25. Rb1 b5 26. cxb6 Bxb6 27. Rc1 Rc7 28. Ba3 Rac8 29. Rb2 Nd6 30. Nd2 Nb7 31. Kf3 a5 32. bxa5 Bxa5 33. Nb3 Rd7 34. Rbc2 Ra8 35. Rxc6 Bd8 36. a5 Nxa5 37. Nxa5 Rxa5 38. Bd6 Ra8 39. h3 f6 40. g4 hxg4+ 41. hxg4 Kf7 42. Bc5 Ke8 43. Rxe6+ Kf7 44. Rc6 Ra4 45. f5 Rc4 46. Rxc4 dxc4 47. Bb4 Rb7 48. Rxc4 Be7 49. Bxe7 Kxe7 50. e4 Kd6 51. Kf4 Rb1 52. e5+ fxe5+ 53. dxe5+ Kd5 54. Ra4 Rf1+ 55. Kg5 Kxe5 56. Ra7 Rg1 57. Rxg7 1-0


[Site "https://www.chess.com"]

[Event "Titled Tuesday Blitz May 30 Late 2023"]
[White "Ibadov, Dashgyn"]
[Black "Zenin, Dmitry"]
[WhiteFideId "24107514"]
[BlackFideId "4127897"]
[WhiteElo "2208"]
[BlackElo "2215"]
[Result "1-0"]
[Round "02"]
[TimeControl "180+2"]
[Date "2023.05.31"]
[WhiteClock "0:00:36"]
[BlackClock "0:00:23"]

1. e4 e5 2. Nf3 Nc6 3. d4 exd4 4. Nxd4 Bc5 5. Nb3 Bb6 6. Qe2 Nge7 7. Nc3 O-O 8. Be3 f5 9. f4 fxe4 10. O-O-O Nf5 11. Bxb6 axb6 12. Qxe4 d6 13. Kb1 Re8 14. Qf3 Ne3 15. Re1 Bg4 16. Qg3 Nxf1 17. Rhxf1 Bf5 18. Qf3 Qd7 19. h3 Be6 20. g4 Bc4 21. Rg1 Rxe1+ 22. Rxe1 Re8 23. Qf2 Re7 24. Nd2 Bf7 25. b3 Qe8 26. Rxe7 Qxe7 27. Kb2 d5 28. Nf3 Qc5 29. Qxc5 bxc5 30. Nb5 d4 31. Nxc7 Kf8 32. Ng5 Bg8 33. Nce6+ 1-0


[Site "https://www.chess.com"]

[Event "Titled Tuesday Blitz May 30 Late 2023"]
[White "Castaneda, Jhon David"]
[Black "Tymrakiewicz, Rafal"]
[WhiteFideId "4405048"]
[BlackFideId "1108832"]
[WhiteElo "2086"]
[BlackElo "2151"]
[Result "0-1"]
[Round "02"]
[TimeControl "180+2"]
[Date "2023.05.31"]
[WhiteClock "0:00:39"]
[BlackClock "0:00:03"]

1. d4 Nf6 2. Nf3 g6 3. c4 Bg7 4. Nc3 O-O 5. e4 d6 6. Be2 e5 7. Be3 Nc6 8. d5 Nb8 9. Nd2 Nbd7 10. b4 a5 11. bxa5 Nh5 12. Bxh5 gxh5 13. Qxh5 f5 14. exf5 Nc5 15. Bxc5 dxc5 16. Nde4 Rxf5 17. Qe2 Ra6 18. Nxc5 Rg6 19. g3 e4 20. N5xe4 Re5 21. O-O Qh4 22. f3 Rh5 23. Rad1 Bh3 24. Rfe1 Bf5 25. Qg2 Qd8 26. d6 Rgh6 27. h4 cxd6 28. Nd5 Rg6 29. Ng5 Rhxg5 30. hxg5 Rxg5 31. f4 Rh5 32. g4 Bxg4 33. Qxg4 Rh6 34. Kg2 Kh8 35. f5 Rh4 36. Re8+ Qxe8 37. Qxh4 Qe2+ 38. Qf2 Qxd1 39. f6 Qg4+ 40. Kf1 Qd1+ 41. Kg2 Qg4+ 42. Kh2 Bf8 43. Qg3 Qxc4 44. Kh3 Qxd5 45. Qf4 Qe6+ 46. Kh4 Qf7 47. Qf5 h6 48. a4 d5 49. a6 bxa6 50. a5 Be7 51. Kg4 Qxf6 52. Qc8+ Kg7 53. Qc3 Qxc3 54. Kf5 Qc4 55. Ke6 d4+ 56. Kxe7 Qc5+ 57. Kd7 Qc4 0-1


[Site "https://www.chess.com"]